 Dungeon Crawl Stone Soup version 0.29-a0-541-gaf1fc19f1b (webtiles) character file.

Game seed: 16075048995069961137

635 Morbidden the Conjurer (level 7, -8/51 HPs)
             Began as a Demonspawn Conjurer on June 2, 2022.
             Mangled by Pikel
             ... wielding a +2 whip of flaming
              (11 damage)
             ... on level 4 of the Dungeon.
             The game lasted 00:07:38 (6183 turns).

Morbidden the Conjurer (Demonspawn Conjurer)        Turns: 6183, Time: 00:07:38

Health: -8/51      AC:  5    Str:  7    XL:     7   Next: 25%
Magic:  1/13       EV: 12    Int: 25    God:
Gold:   271        SH:  0    Dex: 11    Spells: 7/14 levels left

rFire   . . .      SeeInvis .   (no weapon)
rCold   . . .      Faith    .   (no shield)
rNeg    . . .      Spirit   .   a - +0 robe
rPois   .          Reflect  .   s - +2 helmet {Int+3}
rElec   .          Harm     .   (no cloak)
rCorr   .          Rampage  .   (no gloves)
Will    +....                   (no boots)
Stlth   ++........              (no amulet)
HPRegen 0.17/turn               f - ring of willpower
MPRegen 0.13/turn               q - ring of flight

@: mighty, flying
A: powered by death 1, powered by pain 1, weakness stinger 1
a: no special abilities


You were on level 4 of the Dungeon.
You visited 1 branch of the dungeon, and saw 4 of its levels.

You collected 271 gold pieces.

Inventory:

Missiles
 e - 6 javelins
Armour
 a - a +0 robe (worn)
 s - a +2 helmet of intelligence (worn)
Jewellery
 f - a ring of willpower (left hand)
 q - a ring of flight (right hand)
Wands
 r - a wand of iceblast (1) (quivered)
Scrolls
 d - a scroll of enchant armour {unknown}
 j - 2 scrolls of enchant weapon
 n - a scroll of teleportation
 o - a scroll of summoning {unknown}
 p - a scroll of fear {unknown}
 t - a scroll of fog {unknown}
 u - 3 scrolls of magic mapping {unknown}
 v - a scroll of identify
Potions
 b - a potion of magic
 c - 6 potions of curing
 g - 4 potions of brilliance {unknown}
 h - a potion of attraction {unknown}
 i - 2 potions of resistance
 k - a potion of heal wounds {unknown}
 l - 2 potions of haste {unknown}
 m - a potion of degeneration {unknown}


   Skills:
 * Level 2.7 Fighting
 * Level 2.7 Dodging
 + Level 2.6 Stealth
 + Level 0.4 Unarmed Combat
 * Level 4.3 Spellcasting
 * Level 6.0 Conjurations
 * Level 1.1 Air Magic


You had 7 spell levels left.
You knew the following spells:

 Your Spells              Type           Power      Damage    Failure   Level
a - Magic Dart            Conj           100%       1d8       1%          1
b - Searing Ray           Conj           70%        2d7       1%          2
c - Airstrike             Air            5%         N/A       50%         4

Your spell library contained the following spells:

 Spells                   Type           Power      Damage    Failure   Level
 Shock                    Conj/Air       92%        1d8       1%          1
 Dazzling Flash           Conj/Hex       40%        N/A       8%          3
 Ensorcelled Hibernation  Hex/Ice        10%        N/A       13%         2
 Passwall                 Tmut/Erth      4%         N/A       13%         2
 Swiftness                Air            10%        N/A       17%         3
 Fulminant Prism          Conj/Hex       10%        3d9       26%         4
 Iskenderun's Mystic Bla  Conj/Tloc      20%        2d6       26%         4
 Summon Forest            Summ/Tloc      2%         N/A       94%         5
 Summon Mana Viper        Hex/Summ       5%         N/A       94%         5
 Summon Cactus Giant      Summ           2%         N/A       100%        6


Dungeon Overview and Level Annotations

Branches:
Dungeon (4/15)
 Temple: D:4-7

Altars:
Zin

Annotations:
D:4 Pikel


Innate Abilities, Weirdness & Mutations

You regenerate a little health from kills.
You sometimes gain a little power by taking damage.
You have a small tail.


Message History

The searing ray misses Pikel.
The searing ray hits the lemure.
The lemure is moderately wounded.
You finish channelling your searing ray.
Pikel hits you with a +2 whip of flaming.
Pikel burns you.
A lemure comes into view.
Pikel misses you.
Pikel hits you with a +2 whip of flaming!
You focus on the pain.
You feel very mighty all of a sudden. Pikel burns you.
Unknown command.
Casting: Searing Ray (safe; 1% risk of failure)
Confirm with . or Enter, or press ? or * to list all spells.
You don't have enough magic to cast this spell.
Unknown command.
Pikel cracks his whip.
Pikel hits you with a +2 whip of flaming!
Pikel burns you.
Pikel hits you with a +2 whip of flaming.
* * * LOW HITPOINT WARNING * * *
Pikel burns you.
* * * LOW HITPOINT WARNING * * *
A lemure comes into view.
Unknown command.
The lemure shouts!
Pikel hits you with a +2 whip of flaming.
* * * LOW HITPOINT WARNING * * *
Pikel burns you.
* * * LOW HITPOINT WARNING * * *
Unknown command.
Casting: Searing Ray (safe; 1% risk of failure)
Confirm with . or Enter, or press ? or * to list all spells.
Aiming: Magic Dart (safe; 1% risk of failure)
Press: ? - help, Shift-Dir - straight line, f/p - Pikel
Aim: Pikel, wielding a +2 whip of flaming and wearing a +2 robe of willpower (severely wounded, 100% to hit)
The magic dart hits Pikel but does no damage.
Pikel is severely wounded.
Pikel hits you with a +2 whip of flaming!
You die...

..#..h...#..###...#.#.####...##
..##....##.)###..#...## ##.##
...#....#.@.rh...##.## #.#
......@..r..####.##.#### #.#
..#..###........5......# #.#
....## #########5#.###.# #.#
..#.# #5#.# #.# #.# ....#######
#K#.# #.# #r# ..........# #@#.#
#.# #ยง# ....#####.######.#.#
#.# #.# ....# #........#.# #.#
#.# ....# ##########.# #.####.#
#.### #.# #......# #.# ########
#.# #.. ###


You could see Pikel and 3 lemures.

Vanquished Creatures
  Eustachio (D:4)
  A water moccasin (D:4)
  A lemure (D:3)
  Blork the orc (D:4)
  A howler monkey (D:4)
  Jessica (D:2)
  Ijyb (D:3)
  2 orc wizards (D:4)
  4 gnolls (D:3)
  3 adders
  2 worms (D:2)
  3 dart slugs
  10 orcs
  6 endoplasms
  2 giant cockroaches (D:3)
  6 goblins
  9 hobgoblins
  11 jackals
  2 kobolds (D:1)
  6 quokkas
  6 ball pythons
  10 bats
  3 frilled lizards
  4 rats
96 creatures vanquished.

Notes
Turn   | Place    | Note
-------+----------+-------------------------------------------
     0 | D:1      | Morbidden the Demonspawn Conjurer began the quest for the
                  | Orb.
     0 | D:1      | Reached XP level 1. HP: 13/13 MP: 3/3
   392 | D:1      | Gained mutation: You regenerate a little health from kills.
                  | [demonic ancestry]
   392 | D:1      | Reached XP level 2. HP: 19/19 MP: 1/5
  1390 | D:2      | Learned a level 2 spell: Searing Ray
  1396 | D:2      | Reached skill level 1 in Fighting
  1396 | D:2      | Gained mutation: You have a small tail. [demonic ancestry]
  1396 | D:2      | Reached XP level 3. HP: 26/26 MP: 0/6
  2042 | D:2      | Noticed Jessica
  2048 | D:2      | Killed Jessica
  2049 | D:2      | Reached XP level 4. HP: 32/32 MP: 0/7
  2094 | D:2      | Reached skill level 5 in Conjurations
  3030 | D:3      | Noticed Ijyb
  3036 | D:3      | Killed Ijyb
  3114 | D:3      | Found a faded altar of an unknown god.
  3154 | D:3      | Reached XP level 5. HP: 37/37 MP: 6/9
  4057 | D:4      | Noticed Eustachio
  4463 | D:4      | Noticed Blork the orc
  4484 | D:4      | Learned a level 4 spell: Airstrike
  4671 | D:4      | Noticed a lemure
  4760 | D:4      | Noticed a lemure
  4783 | D:3      | Killed a lemure
  5036 | D:4      | Reached XP level 6. HP: 41/44 MP: 1/11
  5227 | D:4      | Killed Blork the orc
  5429 | D:4      | Noticed a water moccasin
  5435 | D:4      | Killed a water moccasin
  5812 | D:4      | Noticed Pikel
  5896 | D:4      | Killed Eustachio
  5897 | D:4      | Reached skill level 6 in Conjurations
  5897 | D:4      | Reached skill level 1 in Air Magic
  5897 | D:4      | Gained mutation: You sometimes gain a little power by
                  | taking damage. [demonic ancestry]
  5897 | D:4      | Reached XP level 7. HP: 50/50 MP: 0/13
  6183 | D:4      | Mangled by Pikel

Illustrated notes

Levels and vault maps discovered:
D:1:      erik_arrival_cave_to_civilisation [erik_arrival_cave_to_hall],
          layout_basic
D:2:      layout_loops_ring, minmay_misc_feat_room, corexii_leaking_fountain,
          minmay_pentomino_z2, uniq_jessica
D:3:      layout_basic, mainiacjoe_overflow_24_doors,
          shapermc_ecumenical_altar_venn, minmay_misc_feat_doors, uniq_ijyb
D:4:      layout_loops_ring, minmay_misc_feat_iff, uniq_pikel, uniq_eustachio,
          uniq_blork_the_orc

Skill      XL: |  1  2  3  4  5  6 |
---------------+-------------------+-----
Fighting       | 1 2 |  2.7
Dodging        | 2 |  2.7
Conjurations   | 5 6 |  6.0
Stealth        | 2 |  2.6
Spellcasting   | 3 4 |  4.3
Air Magic      | 1 |  1.1
Unarmed Combat | |  0.4

Action                   |  1- 3 |  4- 6 |  7- 9 || total
-------------------------+-------+-------+-------++-------
Melee: Unarmed           |    13 |    54 |       ||    67
       Tailslap          |       |    14 |       ||    14
       Punch             |       |     1 |       ||     1
 Cast: Magic Dart        |    74 |   125 |     9 ||   208
       Searing Ray       |     2 |    11 |     2 ||    15
Evoke: Wand              |       |     3 |       ||     3
  Use: Scroll            |       |     4 |       ||     4
Armor: Robe              |     4 |    44 |     1 ||    49
Dodge: Dodged            |     6 |   114 |     2 ||   122

Table legend: (Time is in decaauts)
 A = Elapsed time spent in this place.
 B = Non-inter-level travel time spent in this place.
 C = Inter-level travel time spent in this place.
 D = Time resting spent in this place.
 E = Time spent auto-exploring this place.
 F = Levels seen in this place.
 G = Mean time per level.
                   A        B        C        D        E       F      G
               +--------+--------+--------+--------+--------+-----+--------+
         Total |   6186 |   5950 |    236 |   1406 |   3665 |   4 | 1546.5 |
       Dungeon |   6186 |   5950 |    236 |   1406 |   3665 |   4 | 1546.5 |
               +--------+--------+--------+--------+--------+-----+--------+

Top non-repeatable levels by time:
     D:3: 2296 daAuts
     D:1: 1385 daAuts
     D:4: 1315 daAuts
     D:2: 1190 daAuts
